 Dungeon Crawl Stone Soup version 0.22.0-32-gbc6daba (webtiles) character file.

602654 magipi the Warrior (level 27, -10/151 HPs)
             Began as a Vine Stalker Skald on Aug 21, 2018.
             Was the Champion of Ru.
             Killed from afar by a red draconian stormcaller (22 damage)
             ... on level 5 of the Realm of Zot on Aug 23, 2018.
             The game lasted 06:18:50 (54831 turns).

magipi the Warrior (Vine Stalker Skald)            Turns: 54831, Time: 06:18:51

Health: -10/151    AC: 24    Str: 27      XL:     27
Magic:  0/47       EV: 28    Int: 12      God:    Ru [******]
Gold:   891        SH:  0    Dex: 19 (20) Spells: 17/46 levels left

rFire    + . .     SeeInvis +   a - +9 demon trident (vamp)
rCold    + + .     Gourm    .   (shield unavailable)
rNeg     + . .     Faith    .   I - +3 ring mail of Existentialism {rC+}
rPois    +         Spirit   +   i - +2 helmet {Int+3}
rElec    .         Reflect  .   T - +2 cloak of the Thief {+Fog Slay-2 SInv Stlth+}
rCorr    .         Harm     .   G - +4 pair of gloves "Molies" {+Blink MR+}
MR       +++..                  Z - +1 pair of boots of Fortitude {rC+ MP+9 Int-3 Slay+5}
Stlth    +++.......             r - amulet of Cadinin {rPois Regen+ Str+7 Int-2}
HPRegen  2.55/turn              (ring unavailable)
MPRegen  0.30/turn              f - ring of Peace {rF+ rN+ MR- Str+3}

@: agile, regenerating, studying Evocations
A: fangs 3, clumsy 1, deformed body, deterioration 1, dopey 2, regeneration 2,
weak 1, wild magic 1, magic shield, antimagic bite, no potion heal 3, rot
immunity, missing a hand, no fire magic, no translocations magic, no
transmutations magic, unskilled 1
}: 3/15 runes: serpentine, barnacled, slimy
a: Draw Out Power, Power Leap, Apocalypse, Renounce Religion, Evoke Blink, Evoke
Fog


You were on level 5 of the Realm of Zot.
You worshipped Ru.
Ru was exalted by your worship.
You were not hungry.

You visited 11 branches of the dungeon, and saw 54 of its levels.
You visited the Abyss 1 time.
You visited 1 bazaar.
You also visited: Trove, Ice Cave and Wizlab.

You collected 7152 gold pieces.
You spent 6261 gold pieces at shops.

Inventory:

Hand Weapons
 a - a +9 vampiric demon trident (weapon)
   (You took it off Asterion on level 4 of the Snake Pit)
 b - a +6 demon trident of flaming
   (You took it off a hell knight on level 3 of the Depths)
 e - the +10 morningstar "Eos" {elec, Halo rElec}
   (You found it on level 5 of the Pits of Slime)

   Occasionally, upon striking a foe, it will discharge some electrical energy
   and cause terrible harm.
   It insulates you from electricity.
Missiles
 t - 58 javelins (quivered)
 z - 7 silver javelins
Armour
 i - a +2 helmet of intelligence (worn)
   (You found it on level 2 of the Elven Halls)
 G - the +4 pair of gloves "Molies" (worn) {+Blink MR+}
   (You found it on level 11 of the Dungeon)

   It affects your resistance to hostile enchantments.
   It lets you blink.
 I - the +3 ring mail of Existentialism (worn) {rC+}
   (You found it on level 2 of the Snake Pit)

   It protects you from cold.
 T - the +2 cloak of the Thief (worn) {+Fog Slay-2 SInv Stlth+}
   (You bought it in a shop on level 3 of the Snake Pit)

   It affects your accuracy and damage with ranged weapons and melee attacks
   (-2).
   It lets you see invisible.
   It makes you more stealthy.
 Z - the +1 pair of boots of Fortitude (worn) {rC+ MP+9 Int-3 Slay+5}
   (You bought it in a shop on level 4 of the Shoals)

   It affects your intelligence (-3).
   It affects your accuracy and damage with ranged weapons and melee attacks
   (+5).
   It protects you from cold.
   It affects your magic capacity (+9).
Jewellery
 c - an uncursed ring of protection from cold
   (You bought it in a shop in a bazaar)
 f - the ring of Peace (right hand) {rF+ rN+ MR- Str+3}
   (You took it off a deep elf knight on level 3 of the Elven Halls)

   [ring of protection from fire]

   It affects your strength (+3).
   It protects you from fire.
   It protects you from negative energy.
   It affects your resistance to hostile enchantments.
 l - an uncursed ring of flight
   (You bought it in a shop on level 2 of the Orcish Mines)
 o - an uncursed ring of resist corrosion
   (You found it on level 1 of the Vaults)
 r - the amulet of Cadinin (around neck) {rPois Regen+ Str+7 Int-2}
   (You found it on level 3 of the Elven Halls)

   [amulet of regeneration]

   It affects your strength (+7).
   It affects your intelligence (-2).
   It protects you from poison.
   It increases your rate of regeneration.
Wands
 d - a wand of digging (19)
   (You bought it in a shop on level 5 of the Dungeon)
 h - a wand of clouds (13)
   (You found it in a treasure trove)
 y - a wand of enslavement (30)
   (You bought it in a shop on level 5 of the Dungeon)
 A - a wand of iceblast (49)
   (You bought it in a shop on level 5 of the Dungeon)
 D - a wand of scattershot (9)
   (You found it in a treasure trove)
 F - a wand of paralysis (55)
   (You found it in a treasure trove)
 L - a wand of polymorph (34)
   (You found it on level 5 of the Lair of Beasts)
 N - a wand of acid (14)
   (You found it on level 9 of the Dungeon)
Scrolls
 g - 4 scrolls of immolation
 j - 3 scrolls of identify
 n - a scroll of magic mapping
 p - 2 scrolls of blinking
 u - 2 scrolls of fear
 B - 15 scrolls of teleportation
 C - 15 scrolls of remove curse
 K - 5 scrolls of fog
 V - 4 scrolls of silence
Potions
 k - 4 potions of invisibility
 m - 3 potions of mutation
 v - 9 potions of magic
 w - 3 potions of cancellation
 E - 9 potions of brilliance
 H - a potion of haste
 J - 3 potions of ambrosia
 P - 2 potions of agility
 S - 24 potions of curing
 W - 2 potions of berserk rage
 Y - a potion of resistance
Books
 Q - a manual of Evocations
   (You found it in a treasure trove)
Miscellaneous
 s - 5 phantom mirrors
 M - a phial of floods
   (You found it in a treasure trove)
 O - a fan of gales
   (You found it on level 3 of the Snake Pit)
 R - 3 boxes of beasts
 X - a lamp of fire
   (You found it on level 3 of the Elven Halls)
Comestibles
 x - 69 rations


   Skills:
 + Level 18.0 Fighting
 - Level 12.0 Maces & Flails
 - Level 14.3 Polearms
 - Level 10.0 Throwing
 + Level 14.1 Armour
 + Level 14.1 Dodging
 - Level 10.0 Spellcasting
 - Level 10.0 Hexes
 - Level 10.0 Charms
 - Level 10.0 Summonings
 - Level 10.0 Necromancy
 - Level 8.0 Air Magic
 - Level 15.0 Evocations


You had 17 spell levels left.
You knew the following spells:

 Your Spells              Type           Power        Failure   Level  Hunger
a - Airstrike             Air            ####......   10%         4    ####...
d - Animate Dead          Necr           N/A          4%          4    ####...
e - Animate Skeleton      Necr           N/A          1%          1    None
l - Summon Lightning Spi  Summ/Air       #####...     6%          4    ####...
r - Regeneration          Chrm/Necr      #####.....   1%          3    ##.....
u - Dispel Undead         Necr           #####...     11%         5    #####..
v - Summon Mana Viper     Hex/Summ       #####...     11%         5    #####..
w - Spectral Weapon       Hex/Chrm       #####...     1%          3    ##.....

Your spell library contained the following spells:

 Spells                   Type           Power        Failure   Level  Hunger
 Confusing Touch          Hex            #####.       1%          1    None
 Corona                   Hex            #####..      1%          1    None
 Infusion                 Chrm           ####         1%          1    None
 Pain                     Necr           ####         1%          1    None
 Summon Butterflies       Summ           #####...     1%          1    None
 Summon Small Mammal      Summ           ####         1%          1    None
 Call Imp                 Summ           #####...     1%          2    None
 Corpse Rot               Necr           N/A          1%          2    None
 Slow                     Hex            #####...     1%          2    None
 Song of Slaying          Chrm           #####...     1%          2    None
 Sublimation of Blood     Necr           #####.....   1%          2    None
 Call Canine Familiar     Summ           #####...     1%          3    ##.....
 Summon Guardian Golem    Hex/Summ       #####...     1%          3    ##.....
 Tukima's Dance           Hex            #####...     1%          3    ##.....
 Vampiric Draining        Necr           #####.....   1%          3    ##.....
 Cause Fear               Hex            #####.....   4%          4    ####...
 Poisonous Vapours        Pois/Air       ###...       8%          2    None
 Dazzling Spray           Conj/Hex       ###...       10%         3    ##.....
 Ozocubu's Armour         Chrm/Ice       ###.....     10%         3    ##.....
 Agony                    Necr           #####...     11%         5    #####..
 Aura of Abjuration       Summ           #####.....   11%         5    #####..
 Excruciating Wounds      Chrm/Necr      #####.....   11%         5    #####..
 Summon Demon             Summ           #####.....   11%         5    #####..
 Static Discharge         Conj/Air       ###.....     13%         3    ##.....
 Magic Dart               Conj           #...         22%         1    None
 Sandblast                Erth           #.....       22%         1    None
 Sting                    Conj/Pois      #...         22%         1    None
 Mephitic Cloud           Conj/Pois/Air  ###.....     22%         3    ##.....
 Fulminant Prism          Conj/Hex       ###.......   28%         4    ####...
 Leda's Liquefaction      Hex/Erth       ###.......   28%         4    ####...
 Summon Ice Beast         Ice/Summ       ###.....     28%         4    ####...
 Searing Ray              Conj           #.....       32%         2    None
 Invisibility             Hex            #####...     45%         6    #######
 Stone Arrow              Conj/Erth      #.....       52%         3    ##.....
 Bolt of Draining         Conj/Necr      ###.......   58%         5    #####..
 Metabolic Englaciation   Hex/Ice        ###.......   58%         5    #####..
 Lightning Bolt           Conj/Air       ###.......   71%         5    #####..
 Iskenderun's Mystic Bla  Conj           #.......     88%         4    ####...
 Olgreb's Toxic Radiance  Pois           #.......     88%         4    ####...
 Throw Icicle             Conj/Ice       #.......     88%         4    ####...
 Haunt                    Necr/Summ      #####.....   95%         7    #######
 Summon Hydra             Summ           #####.....   95%         7    #######
 Simulacrum               Ice/Necr       ###.......   98%         6    #######
 Lee's Rapid Deconstruct  Erth           #.........   99%         5    #####..
 Venom Bolt               Conj/Pois      #.........   99%         5    #####..
 Conjure Ball Lightning   Conj/Air       ###.......   99%         6    #######
 Bolt of Cold             Conj/Ice       #.........   100%        6    #######
 Freezing Cloud           Conj/Ice/Air   ###.......   100%        6    #######
 Iron Shot                Conj/Erth      #.........   100%        6    #######
 Ozocubu's Refrigeration  Ice            #.........   100%        6    #######
 Borgnjor's Revivificati  Necr           #####.....   100%        8    #######
 Death's Door             Chrm/Necr      #####.....   100%        8    #######
 Infestation              Necr           #####.....   100%        8    #######
 Dragon's Call            Summ           #####.....   100%        9    #######
 Shatter                  Erth           #.........   100%        9    #######
 Tornado                  Air            ####......   100%        9    #######
 Shroud of Golubria       Chrm/Tloc      Unusable     N/A         2    N/A
 Inner Flame              Hex/Fire       Unusable     N/A         3    N/A
 Portal Projectile        Hex/Tloc       Unusable     N/A         3    N/A
 Recall                   Summ/Tloc      Unusable     N/A         3    N/A
 Apportation              Tloc           Unusable     N/A         1    N/A
 Beastly Appendage        Tmut           Unusable     N/A         1    N/A
 Flame Tongue             Conj/Fire      Unusable     N/A         1    N/A
 Passwall                 Tmut/Erth      Unusable     N/A         2    N/A
 Sticks to Snakes         Tmut           Unusable     N/A         2    N/A
 Throw Flame              Conj/Fire      Unusable     N/A         2    N/A
 Conjure Flame            Conj/Fire      Unusable     N/A         3    N/A
 Ignite Poison            Fire/Tmut/Pois Unusable     N/A         3    N/A
 Lesser Beckoning         Tloc           Unusable     N/A         3    N/A
 Spider Form              Tmut/Pois      Unusable     N/A         3    N/A
 Summon Forest            Summ/Tloc      Unusable     N/A         5    N/A
 Yara's Violent Unravell  Hex/Tmut       Unusable     N/A         5    N/A
 Force Lance              Conj/Tloc      Unusable     N/A         4    N/A
 Ice Form                 Ice/Tmut       Unusable     N/A         4    N/A
 Petrify                  Tmut/Erth      Unusable     N/A         4    N/A
 Sticky Flame             Conj/Fire      Unusable     N/A         4    N/A
 Alistair's Intoxication  Tmut/Pois      Unusable     N/A         5    N/A
 Blade Hands              Tmut           Unusable     N/A         5    N/A
 Bolt of Magma            Conj/Fire/Erth Unusable     N/A         5    N/A
 Fireball                 Conj/Fire      Unusable     N/A         5    N/A
 Irradiate                Conj/Tmut      Unusable     N/A         5    N/A
 Bolt of Fire             Conj/Fire      Unusable     N/A         6    N/A
 Hydra Form               Tmut           Unusable     N/A         6    N/A
 Statue Form              Tmut/Erth      Unusable     N/A         6    N/A
 Dragon Form              Tmut           Unusable     N/A         7    N/A
 Ring of Flames           Chrm/Fire      Unusable     N/A         7    N/A
 Ignition                 Fire           Unusable     N/A         8    N/A
 Necromutation            Tmut/Necr      Unusable     N/A         8    N/A

Dungeon Overview and Level Annotations

Branches:
Dungeon (15/15)            Temple (1/1) D:5            Lair (6/6) D:9
 Shoals (4/4) Lair:2        Snake (4/4) Lair:4        Slime (5/5) Lair:6
    Orc (2/2) D:12            Elf (3/3) Orc:2        Vaults (4/5) D:14
  Crypt (0/3) Vaults:3     Depths (5/5) D:15            Zot (5/5) Depths:5

Altars:
Dithmenos
Elyvilon
Gozag
Hepliaklqana
Kikubaaqudgha
Makhleb
Qazlal
Ru
Sif Muna
Trog
Uskayaw
Xom
Yredelemnul
Zin
Beogh
Jiyva

Shops:
D:5 =}   D:8 :%   D:14 :   Orc:1 (   Orc:2 (=(?   Elf:1 }((   Elf:3 !
Shoals:4 [   Snake:1 (*   Snake:3 *   Vaults:1 }   Vaults:3 %   Depths:3 }**?!
Depths:5 [:

Portals:
Hell: Depths:1 Depths:2 Depths:3 Depths:5
Abyss: Depths:2 Depths:3
Pandemonium: Depths:3
Ziggurat: Depths:1

Annotations:
D:3 Terence
D:5 Eustachio
D:8 1 runed door, dysrexia's ghost, novice GnAK
D:10 2 transporters, exclusion: ice statue, Oddysee's ghost, journeyman GrFi
D:12 1 runed door, CcS's ghost, journeyman MiFi
D:15 exclusion: Roxanne, Roxanne
Lair:6 apport, exclusion: ice statue
Shoals:1 1 runed door, Lypigaazy's ghost, journeyman MiFi
Shoals:4 Ilsuiw
Snake:3 1 runed door
Snake:4 Asterion
Slime:5 Royal Jelly
Elf:1 fly
Elf:2 5 runed doors
Depths:1 2 runed doors, Musec's ghost, adept OgFE


Innate Abilities, Weirdness & Mutations

You have razor-sharp teeth.
You are clumsy. (Dex -2)
You are very dopey. (Int -4)
You heal very quickly.
When hurt, damage is shared between your health and your magic reserves.
Your bite disrupts and absorbs the magic of your enemies.
Potions cannot restore your health.
You are immune to rotting.
You are missing a hand.
You cannot study or cast Fire magic.
You cannot study or cast Translocations magic.
You cannot study or cast Transmutations magic.
You are somewhat unskilled. (-1 Apt)
Armour fits poorly on your strangely shaped body.
Your body sometimes deteriorates upon taking damage.
You are weak. (Str -2)
Your spells are a little harder to cast, but a little more powerful.


Message History

Your shadow dragon zombie misses the orb of fire. x2
Your shadow dragon zombie claws the orb of fire but does no damage.
The orb of fire emits a lurid red light.
The fireball explodes!
The fireball engulfs your shadow dragon zombie.
Your shadow dragon zombie is destroyed!
The fireball engulfs you! You resist.
The fireball engulfs the orb of fire.
The orb of fire completely resists.
You hear a roar! x2
Attack whom?
Press: ? - help, Dir - move target cursor, f/p - orb of fire
Aim: an orb of fire (heavily damaged)
You reach to attack!
You hit the orb of fire but do no damage.
The orb of fire is heavily damaged.
Unknown command.
Unknown command.
Attack whom?
Press: ? - help, Dir - move target cursor, f/p - orb of fire
Aim: an orb of fire (heavily damaged)
You reach to attack!
You hit the orb of fire.
The orb of fire is heavily damaged.
The orb of fire begins to attack, but is stunned by your will!
Unknown command.
Attack whom?
Press: ? - help, Dir - move target cursor, f/p - orb of fire
Aim: an orb of fire (heavily damaged)
You reach to attack!
You puncture the orb of fire!
The orb of fire is severely damaged.
The orb of fire emits a lurid red light.
The bolt of fire hits you! You resist.
The orb of fire glows deep purple.
The bolt of fire hits you! You resist.
The orb of fire glows bright magenta.
The fireball explodes!
The fireball engulfs you! You resist.
The fireball engulfs the orb of fire.
The orb of fire completely resists.
You puncture the orb of fire! Your bite misses the orb of fire.
The orb of fire is severely damaged.
The orb of fire begins to attack, but is stunned by your will!
You hit the orb of fire but do no damage.
Your bite misses the orb of fire.
The orb of fire is severely damaged.
The orb of fire glows red.
Strange energies course through your body.
You feel yourself wasting away.
Unknown command.
You impale the orb of fire!! Your bite misses the orb of fire.
The orb of fire is severely damaged.
You hit the orb of fire but do no damage.
You bite the orb of fire, but do no damage.
The orb of fire is severely damaged.
You puncture the orb of fire! You bite the orb of fire.
The orb of fire's magic leaks into the air.
You drain its magic.
You feel invigorated.
The orb of fire is almost destroyed.
The orb of fire begins to attack, but is stunned by your will!
You hit the orb of fire but do no damage.
You bite the orb of fire, but do no damage.
The orb of fire is almost destroyed.
The orb of fire falters for a moment.
You hit the orb of fire but do no damage.
You bite the orb of fire.
The orb of fire's magic leaks into the air.
You drain its magic.
You feel invigorated.
The orb of fire is almost destroyed.
The orb of fire glows bright magenta.
The fireball explodes!
The fireball engulfs you! You resist.
* * * LOW HITPOINT WARNING * * *
Your body deteriorates!
You feel clumsy.
The fireball engulfs the orb of fire.
The orb of fire completely resists.
Put on which piece of jewellery? (? for menu, Esc to quit)
Okay, then.
Unknown command.
You hit the orb of fire but do no damage.
You bite the orb of fire, but do no damage.
The orb of fire is almost destroyed.
You redirect the orb of fire's attack!
You puncture the orb of fire!
You bite the orb of fire, but do no damage.
The orb of fire is almost destroyed.
The orb of fire glows bright magenta.
The fireball explodes!
The fireball engulfs you! You resist.
* * * LOW HITPOINT WARNING * * *
Your body deteriorates!
You feel clumsy.
The fireball engulfs the orb of fire.
The orb of fire completely resists.
You impale the orb of fire!!
You destroy the orb of fire!
You feel your dexterity returning.
Your Fighting skill increases to level 18!
A red draconian stormcaller comes into view.
It is wielding a rapier.
You see here a trident.
Casting: Animate Dead (safe; 4% risk of failure)
Confirm with . or Enter, or press ? or * to list all spells.
Your skin crawls.
The red draconian stormcaller mumbles some strange prayers to Qazlal against you.
Qazlal smites you!
* * * LOW HITPOINT WARNING * * *
The red draconian stormcaller calls down the wrath of Qazlal upon you.
The blast of ice hits you! You partially resist.
You die...

*▓▓▓* #▓▓▓▓▓▓▓▓▓▓▓# ,...##*
###..)q.....).. **....#*
##..q.##....)^..
,**#...###########.§.###.....^(..
,,**#...............###..........
,,* *#............)## #..........
,,* #.............# #..........
,,* ##...........## #..........
,,* #.........@.# #.......... ,,*
##...........## #.......... ,**
#.............# ##......... **
*#.............#* ##........ *
#......(........# ##.......
########.########▓▓*▓######## #.#
#.#.........#
#[########.#.PPPPPP..#
#........(.'.P♣**♣P..#


You could see a red draconian stormcaller.

Vanquished Creatures
  the Royal Jelly (Slime:5)
  2 ancient liches (Zot:5)
  6 orbs of fire (Zot:5)
  Boris (Depths:5)
  Frederick (Vaults:4)
  Saint Roka (Depths:4)
  3 Killer Klowns (Zot:5)
  Vashnia (Snake:4)
  4 curse toes
  2 caustic shrikes (Depths:3)
  9 golden dragons
  A Hellbinder (WizLab)
  15 tentacled monstrosities
  2 electric golems
  2 deep elf blademasters (Elf:3)
  10 Orb Guardians (Zot:5)
  A titan (Depths:3)
  2 quicksilver dragons
  3 deep elf master archers (Elf:3)
  4 sphinxes
  3 death cobs
  4 tengu reavers
  15 acid blobs
  Kirke (Elf:1)
  7 shadow dragons
  11 nagarajas
  5 azure jellies
  9 storm dragons
  4 draconian monks
  Agnes (D:15)
  10 vault wardens
  7 fire giants
  3 ghost moths
  6 frost giants
  4 deep elf sorcerers
  7 draconian knights
  7 draconian shifters
  A cacodemon (WizLab)
  3 draconian stormcallers
  Louise (D:15)
  2 balrugs
  6 draconian scorchers
  A ghoul (Vaults:4)
  11 stone giants
  9 draconian annihilators
  4 deep elf elementalists (Elf:3)
  3 spriggan defenders (Depths:2)
  10 ironheart preservers
  3 entropy weavers
  14 very ugly things
  2 deep elf demonologists
  3 vampire knights
  7 black draconians
  5 green draconians
  A black sun (WizLab)
  9 deep elf annihilators
  6 red draconians
  2 lorocyprocas (WizLab)
  7 white draconians
  12 yellow draconians
  8 purple draconians
  8 ettins
  6 merfolk javelineers
  5 blizzard demons
  4 fire dragons
  15 ogre magi
  9 merfolk impalers
  4 death oozes (Slime:5)
  7 deep elf death magi
  A crystal guardian (Vaults:4)
  7 yaktaur captains
  Harold (D:8)
  4 great orbs of eyes
  11 ice dragons
  6 hydras
  17 naga warriors
  2 rakshasas
  3 spriggan air magi
  Fannar (Orc:1)
  A hell beast (WizLab)
  2 merfolk avatars (Shoals:4)
  A catoblepas (D:13)
  13 vault guards
  8 merfolk aquamancers
  13 centaur warriors
  3 death knights
  A juggernaut simulacrum (Depths:3)
  46 two-headed ogres
  6 anacondas
  An alligator snapping turtle (Shoals:4)
  13 dancing weapons
  4 deep troll earth magi
  3 satyrs
  9 deep troll shamans
  12 tengu warriors
  4 spriggan berserkers
  6 death yaks
  7 orc high priests (Orc:2)
  A thrashing horror (Abyss:3)
  Urug (D:14)
  2 soul eaters (WizLab)
  15 deep elf knights
  6 sun demons (WizLab)
  20 naga sharpshooters
  Nergalle (Lair:2)
  2 wretched stars (Abyss:3)
  8 iron trolls
  9 salamander mystics
  7 shock serpents
  3 sixfirhies
  5 hell knights
  3 shadow wraiths
  4 unseen horrors
  A flayed ghost (Vaults:3)
  8 sea snakes
  10 skeletal warriors
  A shadow dragon zombie (Depths:3)
  3 naga ritualists
  2 starcursed masses (Abyss:3)
  A lindwurm (Lair:6)
  A shadow demon (WizLab)
  Pikel (D:8)
  20 deep trolls
  16 deep elf archers
  4 glowing orange brains
  5 wizards
  A tengu zombie (Vaults:1)
  19 harpies
  2 phantasmal warriors
  10 mana vipers
  9 ironbrand convokers
  15 fauns
  45 deep elf magi
  An iron dragon zombie (Depths:2)
  5 shining eyes
  An orb spider (shapeshifter) (Vaults:4)
  4 necromancers
  A wolf spider (Vaults:2)
  10 orc knights
  3 orc sorcerers
  An oklob plant (Lair:6)
  15 manticores
  A frost giant zombie (Depths:2)
  4 salamanders
  8 cyclopes
  20 moths of wrath
  2 worldbinders (Abyss:3)
  39 ugly things
  4 rust devils
  An elephant (shapeshifter) (Vaults:3)
  4 smoke demons
  21 black mambas
  5 guardian serpents
  2 guardian serpents (shapeshifter)
  11 elephants
  10 vault sentinels
  2 stone giant skeletons (Vaults:1)
  An ice statue (IceCv)
  9 merfolk sirens
  An elf zombie (Depths:3)
  20 naga magi
  A torpor snail (Lair:6)
  A black mamba (shapeshifter) (Vaults:4)
  7 water nymphs
  A gargoyle (D:9)
  3 orange demons
  7 spiny frogs
  2 hellions (WizLab)
  48 yaktaurs
  A ghost moth simulacrum (Abyss:3)
  2 kobold demonologists (D:15)
  10 komodo dragons
  A demonic crawler (Abyss:3)
  10 rime drakes
  2 komodo dragons (shapeshifter)
  6 freezing wraiths
  5 ice devils
  3 tengu conjurers
  2 meliai (shapeshifter)
  9 trolls
  A polar bear (shapeshifter) (Vaults:4)
  An ancient zyme (Abyss:3)
  A red devil (Depths:3)
  A queen bee (D:13)
  A troll (shapeshifter) (Depths:3)
  5 wind drakes
  4 hellwings
  9 meliai
  18 polar bears
  A jumping spider (Vaults:1)
  28 merfolk
  A wind drake (shapeshifter) (Vaults:2)
  53 slime creatures
  3 blink frogs
  14 hornets
  A fire giant simulacrum (Depths:1)
  3 dream sheep
  13 hippogriffs
  2 spriggan zombies (Depths:2)
  4 raiju (Abyss:3)
  A raiju (shapeshifter) (Vaults:4)
  9 snapping turtles
  5 large abominations (Abyss:3)
  A vampire (D:11)
  4 air elementals
  2 shadows
  A centaur simulacrum (D:15)
  50 yaks
  24 water elementals
  16 humans (D:14)
  3 wraiths
  16 spriggans
  3 ynoxinuls (WizLab)
  3 basilisks (Lair:6)
  4 hogs (Elf:1)
  2 hungry ghosts
  8 wyverns
  3 fire bats (Abyss:3)
  4 golden eyes
  A golden eye (shapeshifter) (Vaults:3)
  4 chaos spawn
  A neqoxec (Depths:3)
  A hog (shapeshifter) (D:13)
  2 human simulacra
  5 vampire mosquitoes
  Edmund (D:6)
  63 nagas
  2 human zombies (Vaults:1)
  12 wargs
  A soldier ant (D:12)
  An ogre zombie (Vaults:1)
  6 insubstantial wisps (Depths:2)
  5 acid dragons
  A hell hound (Lair:6)
  6 water moccasins
  3 porcupines
  30 orc warriors
  4 black bears
  2 black bears (shapeshifter)
  An eye of draining (Slime:2)
  11 ice beasts
  A slave (D:8)
  An ettin simulacrum (Depths:2)
  5 sky beasts
  An ice dragon simulacrum (Depths:1)
  38 ogres
  40 wolves
  A necrophage (D:13)
  8 boggarts
  18 centaurs
  8 crocodiles
  2 big kobolds
  17 bullfrogs
  9 earth elementals
  A gnoll sergeant (D:6)
  5 small abominations (Abyss:3)
  A wyvern skeleton (D:13)
  6 scorpions
  29 killer bees (D:13)
  An orc simulacrum (Vaults:2)
  11 wights
  An electric eel (Lair:5)
  9 crimson imps
  4 centaur zombies
  6 howler monkeys
  2 bullfrog zombies
  3 quasits
  2 jellies
  6 hounds
  A gnoll shaman (D:7)
  39 orc priests
  8 centaur skeletons
  32 orc wizards
  A bullfrog skeleton (D:12)
  3 iron imps (Depths:3)
  4 iguanas
  8 worker ants
  A hound zombie (D:7)
  A hound skeleton (D:9)
  A worker ant zombie (D:9)
  17 gnolls
  7 adders
  2 shadow imps
  4 white imps
  An ooze (D:2)
  An adder zombie (D:9)
  An adder skeleton (D:6)
  A dart slug (D:4)
  2 leopard geckos
  129 orcs
  6 giant cockroaches
  7 goblins
  4 hobgoblins
  3 jackals (D:4)
  22 kobolds
  3 quokkas
  4 ball pythons
  5 bats
  8 frilled lizards
  A leopard gecko skeleton (D:3)
  8 rats
  A bush (Shoals:3)
  A plant (D:9)
2216 creatures vanquished.

Vanquished Creatures (collateral kills)
  An ancient lich (Depths:3)
  Nikola (Depths:2)
  3 liches (Depths:3)
  A tentacled monstrosity (Zot:1)
  A titan (Depths:3)
  Asterion (Snake:4)
  A quicksilver dragon (Zot:4)
  An acid blob (Slime:5)
  A death cob (Zot:3)
  A storm dragon (Vaults:3)
  A draconian monk (Zot:3)
  A tengu reaver (Depths:2)
  2 fire giants
  4 frost giants (Depths:2)
  An azure jelly (Slime:5)
  3 vault wardens
  2 ironheart preservers
  7 very ugly things
  2 draconian annihilators (Zot:3)
  2 stone giants (Depths:1)
  A black draconian (Zot:1)
  3 yellow draconians
  A purple draconian (Zot:2)
  A white draconian (Zot:2)
  An ettin (Vaults:3)
  A fire dragon (Vaults:2)
  A rakshasa (Vaults:2)
  A great orb of eyes (Depths:2)
  2 yaktaur captains
  2 vault guards (Vaults:1)
  A centaur warrior (Depths:2)
  A two-headed ogre (Vaults:2)
  3 ogre magi
  A tengu warrior (Depths:2)
  A deep troll shaman (Depths:3)
  A naga sharpshooter (Snake:4)
  A hell knight (Depths:3)
  A deep elf knight (Elf:1)
  4 deep trolls
  A wizard (Depths:2)
  A flayed ghost (Depths:3)
  A glowing orange brain (Vaults:3)
  A deep troll (shapeshifter) (Vaults:3)
  A phantasmal warrior (Vaults:3)
  A deep elf archer (Elf:1)
  3 ironbrand convokers
  2 necromancers
  A shadow dragon skeleton (Depths:2)
  9 ugly things
  A deep elf mage (Vaults:1)
  A fire giant zombie (Depths:2)
  A salamander (Depths:4)
  A guardian serpent (Vaults:3)
  A cyclops (Vaults:2)
  An iron dragon skeleton (Depths:3)
  A black mamba (Snake:4)
  A naga mage (Snake:4)
  A vault sentinel (Vaults:4)
  9 yaktaurs
  A meliai (shapeshifter) (Depths:1)
  A tengu conjurer (Depths:2)
  8 slime creatures
  A fire dragon zombie (Depths:1)
  A redback (Vaults:1)
  An air elemental (Depths:2)
  2 water elementals
  An ice dragon skeleton (Depths:1)
  2 nagas (Snake:4)
  A water moccasin (Lair:2)
  2 orc warriors
  5 ogres
  A yaktaur skeleton (Vaults:1)
  A killer bee (D:13)
  An orc priest (Depths:5)
  An orc wizard (Vaults:4)
  A shadow imp (Depths:3)
  A white imp (Depths:3)
  3 orcs
139 creatures vanquished.

Vanquished Creatures (others)
  A golden dragon (Zot:2)
  A tentacled monstrosity (Zot:1)
  A shadow dragon (Zot:1)
  An iron dragon (Depths:5)
  A vault warden (Vaults:1)
  A very ugly thing (Vaults:3)
  A spark wasp (Depths:2)
  A red draconian (Zot:1)
  An ettin (D:15)
  A yaktaur captain (Depths:5)
  2 anacondas
  A dancing weapon (Elf:1)
  An ogre mage (Depths:2)
  A deep troll shaman (Depths:5)
  A shock serpent (Snake:4)
  A deep troll (D:15)
  A deep elf archer (Elf:1)
  A harpy (Shoals:4)
  3 deep elf magi
  A cyclops (Vaults:2)
  A wolf spider (Vaults:3)
  A manticore (Lair:6)
  A black mamba (Snake:4)
  A faun (Shoals:2)
  2 moths of wrath (Zot:5)
  A spiny frog (Lair:6)
  A yaktaur (Depths:2)
  A troll (Orc:2)
  A blink frog (Lair:6)
  A water elemental (Depths:1)
  A hungry ghost (D:8)
  2 insubstantial wisps (Depths:2)
  A floating eye (Slime:5)
  2 slaves (D:8)
  4 centaurs
  A boggart (Vaults:2)
  2 ogres
  A wight (D:14)
  2 orc priests
  A ball lightning (Depths:2)
  4 orcs
  8 fungi
  29 plants
  29 spectral weapons
  4 tentacles (Shoals:4)
  2 withered plants (Shoals:1)
127 creatures vanquished.

Grand Total: 2482 creatures vanquished

Notes
Turn   | Place    | Note
-------+----------+-------------------------------------------
     0 | D:1      | magipi the Vine Stalker Skald began the quest for the Orb.
     0 | D:1      | Reached XP level 1. HP: 11/11 MP: 4/4
    58 | D:1      | Reached skill level 2 in Fighting
    89 | D:1      | Reached XP level 2. HP: 11/15 MP: 4/6
   531 | D:2      | Reached XP level 3. HP: 10/18 MP: 3/7
  1158 | D:2      | Gained mutation: Your natural rate of healing is unusually fast. [Vine Stalker growth]
  1158 | D:2      | Reached XP level 4. HP: 13/23 MP: 8/8
  1446 | D:3      | Reached skill level 3 in Fighting
  1446 | D:3      | Reached XP level 5. HP: 24/28 MP: 6/9
  1797 | D:3      | Noticed Terence
  1861 | D:4      | Reached XP level 6. HP: 7/32 MP: 4/10
  2186 | D:4      | Reached skill level 5 in Polearms
  2498 | D:5      | Entered Level 5 of the Dungeon
  2551 | D:5      | Reached skill level 4 in Fighting
  2551 | D:5      | Reached XP level 7. HP: 31/37 MP: 8/11
  2575 | D:5      | Found Sisupiomn's Gadget Boutique.
  2584 | D:5      | Bought a wand of enslavement (8) for 130 gold pieces
  2666 | D:5      | Found a staircase to the Ecumenical Temple.
  2672 | Temple   | Entered the Ecumenical Temple
  2705 | Temple   | Became a worshipper of Ru the Awakened
  2757 | D:5      | Noticed Eustachio
  2914 | D:5      | Found Odghiz's Jewellery Boutique.
  3006 | D:6      | Noticed Edmund
  3031 | D:6      | Killed Edmund
  3480 | D:6      | Got a slimy trident
  3568 | D:6      | Gained mutation: You have razor-sharp teeth. [Vine Stalker growth]
  3568 | D:6      | Reached XP level 8. HP: 31/42 MP: 7/12
  3865 | D:7      | Identified the cursed +0 trident "Jellybane" {pierce, +Blink rPois} (You found it on level 6 of the Dungeon)
  3902 | D:7      | Reached skill level 5 in Fighting
  3960 | D:7      | Gained mutation: You are missing a hand. [Ru sacrifice]
  3960 | D:7      | Reached * piety under Ru
  3960 | D:7      | Reached ** piety under Ru
  3960 | D:7      | Reached *** piety under Ru
  4224 | D:7      | Identified a scroll of acquirement
  4227 | D:7      | Got an ancient demon trident
  4237 | D:7      | Identified the +2 demon trident of Kujuj {venom, +Rage rC+} (You acquired it on level 7 of the Dungeon)
  4818 | D:8      | Noticed Harold
  4818 | D:8      | Noticed Pikel
  4850 | D:8      | Killed Pikel
  4850 | D:8      | Reached skill level 6 in Fighting
  4850 | D:8      | Reached XP level 9. HP: 36/49 MP: 7/13
  4874 | D:8      | Noticed a hornet
  4882 | D:8      | Killed a hornet
  4896 | D:8      | Killed Harold
  4896 | D:8      | Reached skill level 7 in Fighting
  4903 | D:8      | Reached skill level 10 in Polearms
  4990 | D:8      | Found Oteafipn's Food Shop.
  5086 | D:8      | Found Seycw's Book Shop.
  5455 | D:8      | Found a runed door.
  5479 | D:8      | Noticed dysrexia's ghost (novice GnAK)
  5603 | D:9      | Reached XP level 10. HP: 55/55 MP: 14/14
  5716 | D:9      | Noticed a gargoyle
  5730 | D:9      | Killed a gargoyle
  5833 | D:9      | Found a staircase to the Lair.
  5858 | D:9      | Reached skill level 8 in Fighting
  6021 | D:9      | Gained mutation: You are clumsy. (Dex -2) [Ru sacrifice]
  6388 | D:10     | Entered Level 10 of the Dungeon
  6388 | D:10     | Found a transporter.
  6438 | D:10     | Noticed Oddysee's ghost (journeyman GrFi)
  6623 | D:10     | Reached skill level 1 in Armour
  6652 | D:10     | Found a transporter.
  6704 | D:10     | Reached XP level 11. HP: 56/60 MP: 12/15
  6720 | D:10     | Reached skill level 9 in Fighting
  6998 | D:11     | Noticed a death knight
  7230 | D:11     | Got a pair of warped gloves
  7231 | D:11     | Identified the +4 pair of gloves "Molies" {+Blink MR+} (You found it on level 11 of the Dungeon)
  7377 | D:11     | Noticed a two-headed ogre
  7392 | D:11     | Killed a two-headed ogre
  7829 | D:12     | Found a portal to a secret trove of treasure.
  7937 | D:12     | Found a staircase to the Orcish Mines.
  7939 | D:12     | Noticed a manticore
  8029 | D:12     | Killed a manticore
  8242 | D:12     | Noticed CcS's ghost (journeyman MiFi)
  8244 | D:12     | Found a runed door.
  8247 | D:12     | Noticed a seven-headed hydra
  8467 | Lair:1   | Entered Level 1 of the Lair of Beasts
  8482 | Lair:1   | Gained mutation: You cannot study or cast Fire magic. [Ru sacrifice]
  8482 | Lair:1   | Gained mutation: You cannot study or cast Transmutations magic. [Ru sacrifice]
  8482 | Lair:1   | Gained mutation: You cannot study or cast Translocations magic. [Ru sacrifice]
  8482 | Lair:1   | Reached **** piety under Ru
  8482 | Lair:1   | Reached ***** piety under Ru
  8506 | Lair:1   | Reached skill level 5 in Dodging
  8996 | D:12     | Killed a seven-headed hydra
  8996 | D:12     | Reached skill level 5 in Armour
  9579 | Lair:2   | Gained mutation: You heal very quickly. [Vine Stalker growth]
  9579 | Lair:2   | Reached XP level 12. HP: 66/66 MP: 18/18
  9754 | Lair:2   | Learned a level 3 spell: Spectral Weapon
  9820 | Lair:2   | Reached skill level 1 in Hexes
  9979 | Lair:2   | Found a staircase to the Shoals.
 10081 | Lair:2   | Noticed Nergalle
 10317 | Lair:2   | Killed Nergalle
 10362 | Lair:2   | Reached skill level 5 in Charms
 10716 | Lair:3   | Reached skill level 5 in Spellcasting
 10751 | Lair:3   | Noticed an eight-headed hydra
 10782 | Lair:3   | Killed an eight-headed hydra
 11120 | Lair:4   | Noticed a seven-headed hydra
 11138 | Lair:4   | Killed a seven-headed hydra
 11138 | Lair:4   | Reached skill level 5 in Hexes
 11152 | Lair:4   | Reached skill level 1 in Evocations
 11437 | Lair:4   | Found a staircase to the Snake Pit.
 11699 | D:5      | Bought a wand of clouds (8) for 468 gold pieces
 11699 | D:5      | Bought a wand of iceblast (6) for 130 gold pieces
 11699 | D:5      | Bought a wand of iceblast (8) for 156 gold pieces
 11998 | Lair:5   | Reached XP level 13. HP: 70/70 MP: 22/22
 12182 | Lair:5   | Got a vibrating amethyst amulet
 12183 | Lair:5   | Identified the amulet of Kibenkut {Harm -Tele *Drain rElec Str-2 Stlth+} (You found it on level 5 of the Lair of Beasts)
 12415 | Lair:5   | Reached skill level 5 in Evocations
 12614 | Lair:5   | Learned a level 3 spell: Regeneration
 12851 | Orc:1    | Entered Level 1 of the Orcish Mines
 12876 | Orc:1    | Reached skill level 1 in Necromancy
 13090 | Orc:2    | Entered Level 2 of the Orcish Mines
 13090 | Orc:2    | Found a frozen archway.
 13106 | IceCv    | Entered an ice cave
 13630 | IceCv    | Reached skill level 5 in Necromancy
 13702 | IceCv    | Noticed a frost giant
 13703 | IceCv    | Found the +7 sceptre of Torment
 13710 | IceCv    | Killed a frost giant
 13710 | IceCv    | Reached XP level 14. HP: 31/75 MP: 6/24
 13796 | Orc:2    | Found a staircase to the Elven Halls.
 13957 | Orc:1    | Found Yzilaeg's Antique Weapon Emporium.
 14006 | Orc:2    | Gained mutation: You are somewhat unskilled. (-1 Apt) [Ru sacrifice]
 14006 | Orc:2    | Reduced skill Fighting to level 8
 14006 | Orc:2    | Reduced skill Armour to level 5
 14006 | Orc:2    | Reduced skill Dodging to level 5
 14006 | Orc:2    | Reduced skill Spellcasting to level 5
 14006 | Orc:2    | Reduced skill Hexes to level 5
 14006 | Orc:2    | Reduced skill Charms to level 5
 14006 | Orc:2    | Reduced skill Necromancy to level 5
 14211 | D:5      | Bought a wand of paralysis (11) for 169 gold pieces
 14211 | D:5      | Bought a wand of digging (15) for 494 gold pieces
 14491 | Orc:1    | Noticed Fannar
 14506 | Orc:1    | Killed Fannar
 14769 | Orc:2    | Found a shimmering altar of Xom.
 15041 | Orc:2    | Found Vairchaz's Jewellery Shoppe.
 15041 | Orc:2    | Found Oweith's Weapon Shop.
 15124 | Orc:2    | Reached skill level 9 in Fighting
 15249 | Orc:2    | Found Larhitry's Magic Scroll Shoppe.
 15249 | Orc:2    | Found Fagreiq's Weapon Shop.
 15264 | Orc:2    | Bought a scroll of fog for 26 gold pieces
 15264 | Orc:2    | Bought 2 scrolls of teleportation for 78 gold pieces
 15264 | Orc:2    | Bought a scroll of teleportation for 39 gold pieces
 15328 | Orc:2    | Gained mutation: You are dopey. (Int -2) [Ru sacrifice]
 15328 | Orc:2    | Reached ****** piety under Ru
 15433 | Orc:2    | Found a roughly hewn altar of Beogh.
 15826 | D:12     | Found a stormy altar of Qazlal.
 16293 | D:13     | You fall through a shaft for 2 floors!
 16293 | D:15     | Entered Level 15 of the Dungeon
 16293 | D:15     | Noticed Louise
 16300 | D:15     | Noticed a fire giant
 16899 | D:14     | Noticed Urug
 16916 | D:14     | Killed Urug
 17047 | D:14     | Reached XP level 15. HP: 79/79 MP: 24/26
 17095 | D:14     | Found a gate to the Vaults.
 17429 | D:13     | Paralysed by a hornet for 1 turns
 17997 | D:14     | Found Zofanwoc's Book Emporium.
 18257 | D:15     | Found a staircase to the Depths.
 18266 | D:15     | Noticed a frost giant
 18288 | D:14     | Killed a frost giant
 18527 | D:15     | Noticed Agnes
 18534 | D:15     | Killed Agnes
 18598 | D:15     | Noticed Roxanne
 18835 | D:15     | Killed Louise
 18917 | D:15     | Noticed a tengu reaver
 18938 | D:15     | Killed a tengu reaver
 19309 | D:14     | Reached XP level 16. HP: 44/84 MP: 10/29
 19734 | Lair:6   | Entered Level 6 of the Lair of Beasts
 20122 | Lair:6   | Found a staircase to the Slime Pits.
 20123 | Lair:6   | Found a viscous altar of Jiyva.
 21295 | Snake:1  | Entered Level 1 of the Snake Pit
 21781 | Snake:1  | Found Voiff's Assorted Antiques.
 21790 | Snake:1  | Bought a scroll of identify for 60 gold pieces
 21790 | Snake:1  | Bought a pair of translucent boots for 285 gold pieces
 21790 | Snake:1  | Bought 2 potions of might for 240 gold pieces
 21793 | Snake:1  | Identified the +1 pair of boots of the Vacuum {rPois Str+3} (You bought it in a shop on level 1 of the Snake Pit)
 21908 | Snake:1  | Found a sacrificial altar of Ru.
 21953 | Snake:1  | Found Eptaappo's Antique Weapon Shop.
 23417 | Snake:2  | Reached XP level 17. HP: 85/88 MP: 30/30
 23600 | Snake:2  | Identified the +3 ring mail of Existentialism {rC+} (You found it on level 2 of the Snake Pit)
 23775 | Snake:3  | Reached skill level 10 in Charms
 23783 | Snake:3  | Reached skill level 10 in Hexes
 23836 | Snake:3  | Reached skill level 10 in Necromancy
 23963 | Snake:3  | Found Gittink's Assorted Antiques.
 24048 | Snake:3  | Found a runed door.
 24469 | Snake:4  | Entered Level 4 of the Snake Pit
 24857 | Snake:3  | Bought the +2 cloak of the Thief {+Fog Slay-2 SInv Stlth+} for 683 gold pieces
 24857 | Snake:3  | Found the +2 cloak of the Thief {+Fog Slay-2 SInv Stlth+}
 24940 | Snake:4  | Noticed Asterion
 24953 | Snake:4  | Killed Asterion
 25569 | Snake:4  | Reached XP level 18. HP: 84/93 MP: 26/31
 25654 | Snake:4  | Reached skill level 10 in Fighting
 25737 | Snake:4  | Noticed Vashnia
 25860 | Snake:4  | Killed Vashnia
 26086 | Snake:4  | Got a serpentine rune of Zot
 26357 | Shoals:1 | Entered Level 1 of the Shoals
 26491 | Shoals:1 | Found a runed door.
 26492 | Shoals:1 | Noticed Lypigaazy's ghost (journeyman MiFi)
 27208 | Shoals:2 | Reached skill level 10 in Evocations
 28064 | Shoals:2 | Upgraded the game from 0.22.0-27-ga576289 to 0.22.0-32-gbc6daba
 28430 | Shoals:3 | Reached skill level 11 in Fighting
 28432 | Shoals:3 | Reached XP level 19. HP: 65/100 MP: 30/32
 28966 | Shoals:4 | Entered Level 4 of the Shoals
 29027 | Shoals:4 | Found Vukkiasm's Armour Emporium.
 29315 | Shoals:4 | Noticed Ilsuiw
 29957 | Shoals:4 | Got a barnacled rune of Zot
 30418 | Elf:1    | Entered Level 1 of the Elven Halls
 30484 | Elf:1    | Found a flickering gateway to a bazaar.
 30490 | Bazaar   | Entered a bazaar
 30509 | Bazaar   | Found Rodiwawo's Assorted Antiques.
 30531 | Bazaar   | Found Jolutugo's Armour Shop.
 30580 | Bazaar   | Found Afysob's Antique Armour Emporium.
 30591 | Bazaar   | Found Hiugidi's Jewellery Shoppe.
 30613 | Bazaar   | Bought a runed helmet for 120 gold pieces
 30663 | Bazaar   | Bought a runed coral ring for 160 gold pieces
 30663 | Bazaar   | Bought a scroll of magic mapping for 112 gold pieces
 30663 | Bazaar   | Bought a potion of curing for 96 gold pieces
 30801 | Elf:1    | Found Aduik's Weapon Emporium.
 30940 | Elf:1    | Found Ylal's Gadget Shop.
 31027 | Elf:1    | Found a magical portal.
 31118 | Elf:1    | Found Giypnebb's Antique Weapon Emporium.
 31156 | WizLab   | Entered The Hall of the Hellbinder
 31479 | WizLab   | Reached skill level 12 in Fighting
 31632 | WizLab   | Noticed Buzesm
 31669 | WizLab   | Killed Buzesm the Hellbinder
 31685 | WizLab   | Found a burning altar of Makhleb.
 31700 | WizLab   | Got a slimy pewter ring
 31701 | WizLab   | Identified the ring "Jeloor" {MR- Int+5 Dex+3} (You found it in a wizard's laboratory)
 31731 | WizLab   | Identified the Compendium of Creation
 32089 | Elf:1    | Reached XP level 20. HP: 107/107 MP: 31/33
 32173 | Elf:1    | Reached skill level 10 in Dodging
 32392 | Elf:2    | Reached skill level 1 in Throwing
 32460 | Elf:2    | Reached skill level 10 in Armour
 32547 | Elf:2    | Cast into level 3 of the Abyss (battleaxe of distortion)
 32944 | Abyss:3  | Noticed a hellephant
 33096 | Elf:2    | Escaped the Abyss
 33403 | Elf:2    | Reached skill level 5 in Throwing
 33552 | Elf:2    | Found a huge runed gate.
 33552 | Elf:2    | Found a huge runed gate.
 33552 | Elf:2    | Found a huge runed gate.
 33552 | Elf:2    | Found a huge runed gate.
 33554 | Elf:2    | Found a huge runed gate.
 33734 | Elf:3    | Entered Level 3 of the Elven Halls
 33886 | Elf:3    | Found Dengonuw's Distillery.
 34658 | Elf:3    | Got a pitted lead ring
 34659 | Elf:3    | Identified the ring of Kergh {Fire Dex+7} (You found it on level 3 of the Elven Halls)
 34662 | Elf:3    | Identified the Collected Works on Companions and Hexes
 34722 | Elf:3    | Got a bound platinum amulet
 34723 | Elf:3    | Identified the amulet of Cadinin {rPois Regen+ Str+7 Int-2} (You found it on level 3 of the Elven Halls)
 34741 | Elf:3    | Identified the +0 scale mail of Pexum {rF- MR+ Int+3} (You found it on level 3 of the Elven Halls)
 34807 | Elf:3    | Identified the Guide on Confrontation
 34809 | Elf:3    | Identified the Compendium of the Arsonist
 34834 | Elf:3    | Identified Bosehoj's Volume of Aerial Black Secrets
 35067 | Elf:3    | Got a pitted brass ring
 35286 | D:14     | Bought a book of Cantrips for 300 gold pieces
 35289 | D:14     | Identified the ring of Peace {rF+ rN+ MR- Str+3} (You took it off a deep elf knight on level 3 of the Elven Halls)
 35357 | Vaults:1 | Entered Level 1 of the Vaults
 35396 | Vaults:1 | Learned a level 1 spell: Animate Skeleton
 35401 | Vaults:1 | Learned a level 4 spell: Animate Dead
 35406 | Vaults:1 | Learned a level 4 spell: Summon Lightning Spire
 35416 | Vaults:1 | Found Punyram's Gadget Emporium.
 35428 | Vaults:1 | Reached skill level 10 in Throwing
 35433 | Vaults:1 | Reached skill level 1 in Air Magic
 35620 | Vaults:1 | Reached XP level 21. HP: 107/111 MP: 26/34
 35892 | Vaults:1 | Reached skill level 1 in Summonings
 36144 | Vaults:1 | Reached skill level 5 in Air Magic
 36184 | Vaults:1 | Reached skill level 5 in Summonings
 37049 | Vaults:2 | Learned a level 5 spell: Summon Mana Viper
 37392 | Vaults:2 | Reached skill level 10 in Summonings
 37790 | Vaults:2 | Identified the +2 plate armour "Ikazavvoos" {Stlth+} (You took it off an orc on level 2 of the Vaults)
 38420 | Vaults:2 | Reached XP level 22. HP: 90/116 MP: 26/35
 38644 | Vaults:3 | Found Gopi's Food Shop.
 38922 | Vaults:3 | Learned a level 5 spell: Dispel Undead
 38979 | Vaults:3 | Found a staircase to the Crypt.
 38979 | Vaults:3 | Found a basalt altar of Yredelemnul.
 38980 | Vaults:3 | Found an ancient bone altar of Kikubaaqudgha.
 39813 | Vaults:3 | Identified the +2 pair of boots "Somoamo" {-Tele rF+ Regen+ Dex+3} (You acquired it on level 3 of the Vaults)
 39861 | Vaults:4 | Noticed Frederick
 39873 | Vaults:4 | Killed Frederick
 39873 | Vaults:4 | Reached skill level 13 in Fighting
 40855 | Vaults:4 | Reached XP level 23. HP: 123/123 MP: 26/36
 41238 | Depths:1 | Entered Level 1 of the Depths
 41459 | Depths:1 | Found a runed door.
 41652 | Depths:1 | Found a gateway to a ziggurat.
 41698 | Depths:1 | Noticed Musec's ghost (adept OgFE)
 41700 | Depths:1 | Noticed an ancient lich
 41710 | Depths:1 | Found a gateway to Hell.
 41835 | Depths:1 | Found a runed door.
 41863 | Depths:1 | Found the +0 sword of Power
 41876 | Depths:1 | You fall through a shaft!
 41888 | Depths:2 | Found a one-way gate to the infinite horrors of the Abyss.
 41966 | Depths:2 | Reached skill level 14 in Fighting
 42580 | Depths:2 | Noticed Nikola
 42594 | Depths:2 | Killed Nikola
 42601 | Depths:2 | Reached skill level 15 in Fighting
 43093 | Depths:3 | Found Kyttut's Gadget Shoppe.
 43115 | Depths:3 | Found Heuch's Magic Scroll Boutique.
 43161 | Depths:3 | Found Jesm's Assorted Antiques.
 43220 | Depths:3 | Found Ifotrug's General Store.
 43344 | Depths:3 | Reached XP level 24. HP: 125/131 MP: 36/37
 43923 | Elf:1    | Bought a wand of digging (11) for 300 gold pieces
 43923 | Elf:1    | Bought a wand of iceblast (8) for 120 gold pieces
 44004 | Orc:2    | Bought an uncursed ring of flight for 245 gold pieces
 44112 | Elf:1    | Noticed Kirke
 44130 | Elf:1    | Killed Kirke
 44583 | Depths:2 | Reached skill level 10 in Spellcasting
 44796 | Depths:3 | Bought a potion of haste for 280 gold pieces
 44796 | Depths:3 | Bought a scroll of blinking for 210 gold pieces
 44875 | Depths:3 | Bought a scroll of fear for 56 gold pieces
 44903 | Depths:3 | Found a one-way gate leading to the halls of Pandemonium.
 45042 | Depths:3 | Found Awikh's Distillery.
 45109 | Depths:3 | Bought a potion of might for 76 gold pieces
 45251 | Depths:3 | Found a hazy altar of Hepliaklqana.
 45252 | Depths:3 | Noticed a caustic shrike
 45252 | Depths:3 | Noticed a caustic shrike
 45252 | Depths:3 | Noticed a caustic shrike
 45275 | Depths:3 | Killed a caustic shrike
 45282 | Depths:3 | Killed a caustic shrike
 45305 | Depths:3 | Identified Sif Muna's Disquisition on Flames
 45424 | Depths:3 | Identified the +9 plate armour of the Gravedigger {+Inv rF+ MR-} (You found it on level 3 of the Depths)
 45735 | Depths:3 | Noticed an ancient lich
 45784 | Depths:3 | Killed an ancient lich
 45784 | Depths:3 | Reached skill level 16 in Fighting
 45843 | Depths:3 | Paralysed by a floating eye for 3 turns
 46091 | Depths:5 | Entered Level 5 of the Depths
 46119 | Depths:5 | Noticed Saint Roka
 46148 | Depths:4 | Killed Saint Roka
 46228 | Depths:5 | Found Iphyhei's Antique Armour Shop.
 46235 | Depths:5 | Found Kaijoud's Book Boutique.
 46237 | Depths:5 | Bought a translucent scale mail for 243 gold pieces
 46237 | Depths:5 | Bought a distressingly furry scale mail for 243 gold pieces
 46239 | Depths:5 | Identified the +1 scale mail of the Alphagorgon {-Tele rCorr Int+4} (You bought it in a shop on level 5 of the Depths)
 46240 | Depths:5 | Identified the +5 scale mail "Bypeby" {rN+} (You bought it in a shop on level 5 of the Depths)
 46256 | Depths:5 | Identified the +0 pair of gloves of the Lobster {MR+ SInv} (You acquired it on level 5 of the Depths)
 46314 | Depths:5 | Noticed Boris
 46347 | Depths:5 | Killed Boris
 46506 | Depths:5 | Reached XP level 25. HP: 136/140 MP: 35/38
 46634 | Depths:5 | Reached skill level 17 in Fighting
 48071 | Slime:1  | Entered Level 1 of the Pits of Slime
 48100 | Slime:1  | Gained mutation: You are weak. (Str -2) [a shining eye]
 48323 | Slime:5  | Entered Level 5 of the Pits of Slime
 48386 | Slime:5  | Paralysed by a floating eye for 3 turns
 48544 | Slime:5  | Found a viscous altar of Jiyva.
 48545 | Slime:5  | Noticed the Royal Jelly
 48547 | Slime:5  | Found the +10 morningstar "Eos" {elec, Halo rElec}
 48555 | Slime:5  | Killed the Royal Jelly
 48651 | Slime:5  | Got a warped golden ring
 48652 | Slime:5  | Identified the ring "Rietoum" {+Blink rPois rF+ MR- Stlth+} (You found it on level 5 of the Pits of Slime)
 48659 | Slime:5  | Got a flickering lapis lazuli ring
 48660 | Slime:5  | Identified the ring "Qantisiol" {Wiz *Drain Dex+7} (You found it on level 5 of the Pits of Slime)
 48675 | Slime:5  | Identified the cursed +0 robe of Boulik {Dex+3} (You found it on level 5 of the Pits of Slime)
 48713 | Slime:5  | Got a slimy rune of Zot
 48714 | Slime:5  | Identified Ruriox's Handbook of Heat and Ice
 48762 | Slime:5  | Learned a level 4 spell: Airstrike
 49131 | D:12     | You showed the slimy rune of Zot to enter a treasure trove
 49132 | Trove    | Entered a treasure trove
 49488 | Shoals:4 | Bought the +1 pair of boots of Fortitude {rC+ MP+9 Int-3 Slay+5} for 742 gold pieces
 49906 | Depths:5 | Reached skill level 1 in Maces & Flails
 49956 | Depths:5 | Found a gate to the Realm of Zot.
 50000 | Zot:1    | Entered Level 1 of the Realm of Zot
 50934 | Zot:1    | Reached skill level 5 in Maces & Flails
 51145 | Zot:2    | Reached XP level 26. HP: 138/145 MP: 38/38
 52290 | Zot:3    | Reached skill level 10 in Maces & Flails
 52290 | Zot:3    | Reached skill level 15 in Evocations
 53105 | Zot:4    | Identified the cursed +0 ring mail of Conscience {rElec rF- Slay+2} (You found it on level 4 of the Realm of Zot)
 53575 | Zot:5    | Entered Level 5 of the Realm of Zot
 53724 | Zot:5    | Reached XP level 27. HP: 79/149 MP: 21/38
 54062 | Zot:5    | Noticed an ancient lich
 54074 | Zot:5    | Killed an ancient lich
 54252 | Zot:5    | Noticed an orb of fire
 54269 | Zot:5    | Gained mutation: Your spells are a little harder to cast, but a little more powerful. [an orb of fire]
 54272 | Zot:5    | Killed an orb of fire
 54380 | Zot:5    | Noticed an orb of fire
 54398 | Zot:5    | Gained mutation: You are very dopey. (Int -4) [an orb of fire]
 54401 | Zot:5    | Killed an orb of fire
 54404 | Zot:5    | Noticed an orb of fire
 54427 | Zot:5    | Killed an orb of fire
 54563 | Zot:5    | Noticed an orb of fire
 54651 | Zot:5    | Noticed an ancient lich
 54679 | Zot:5    | Killed an ancient lich
 54731 | Zot:5    | Noticed an orb of fire
 54748 | Zot:5    | Killed an orb of fire
 54777 | Zot:5    | Noticed an orb of fire
 54778 | Zot:5    | Gained mutation: Armour fits poorly on your strangely shaped body. [an orb of fire]
 54788 | Zot:5    | Killed an orb of fire
 54817 | Zot:5    | Gained mutation: Your body sometimes deteriorates upon taking damage. [an orb of fire]
 54825 | Zot:5    | Killed an orb of fire
 54825 | Zot:5    | Reached skill level 18 in Fighting
 54831 | Zot:5    | Killed from afar by a red draconian stormcaller

Skill      XL: |  1  2  3  4  5  6  7  8  9 10 11 12 13 14 15 16 17 18 19 20 21 22 23 24 25 26 27 |
---------------+----------------------------------------------------------------------------------+-----
Polearms       | 2 3 4 5 6 9 10 12 12 13 14 | 14.3
Fighting       | 2 3 4 6 7 8 9 9 11 12 13 15 16 17 18 | 18.0
Armour         | 1 5 6 5 6 8 9 10 11 12 14 | 14.1
Dodging        | 2 5 6 5 6 8 9 10 11 12 14 | 14.1
Spellcasting   | 3 5 6 6 8 9 10 | 10.0
Charms         | 4 6 6 8 9 10 | 10.0
Hexes          | 5 6 6 8 9 10 | 10.0
Evocations     | 1 7 7 8 10 12 13 15 | 15.0
Necromancy     | 6 6 8 9 10 | 10.0
Throwing       | 10 | 10.0
Air Magic      | 2 8 |  8.0
Summonings     | 10 | 10.0
Maces & Flails | 6 12 | 12.0

Action                   |  1- 3 |  4- 6 |  7- 9 | 10-12 | 13-15 | 16-18 | 19-21 | 22-24 | 25-27 || total
-------------------------+-------+-------+-------+-------+-------+-------+-------+-------+-------++-------
Melee: Spear             |   126 |   170 |       |       |       |       |       |       |       ||   296
       Bite              |    18 |    50 |    72 |   208 |   379 |   404 |   440 |   829 |   660 ||  3060
       Trident           |       |    38 |   188 |       |       |       |       |       |       ||   226
       Demon trident     |       |       |   119 |   756 |  1317 |  1761 |  1699 |  2188 |  1622 ||  9462
       Morningstar       |       |       |       |       |       |       |       |       |     8 ||     8
Throw: Javelin           |       |       |       |       |       |     5 |     7 |       |     8 ||    20
       Throwing net      |       |       |       |       |       |       |       |     1 |     4 ||     5
 Cast: Spectral Weapon   |       |       |       |       |    44 |    58 |    38 |     2 |     1 ||   143
       Regeneration      |       |       |       |       |     1 |     8 |    12 |    20 |    18 ||    59
       Animate Skeleton  |       |       |       |       |       |       |    20 |    43 |     9 ||    72
       Animate Dead      |       |       |       |       |       |       |    19 |    46 |    23 ||    88
       Summon Lightning  |       |       |       |       |       |       |     9 |    33 |    10 ||    52
       Summon Mana Viper |       |       |       |       |       |       |       |     7 |     8 ||    15
       Dispel Undead     |       |       |       |       |       |       |       |       |    28 ||    28
Invok: Sacrifice a Hand  |       |       |     1 |       |       |       |       |       |       ||     1
       Sacrifice Purity  |       |       |       |     1 |     1 |       |       |       |       ||     2
       Sacrifice Arcana  |       |       |       |     1 |       |       |       |       |       ||     1
       Reject Sacrifices |       |       |       |     1 |       |       |       |       |       ||     1
       Apocalypse        |       |       |       |       |     1 |     1 |     1 |     1 |     1 ||     5
       Sacrifice Skill   |       |       |       |       |     1 |       |       |       |       ||     1
 Abil: Evoke Berserk Rag |       |       |       |       |       |     1 |       |       |       ||     1
       Evoke Fog         |       |       |       |       |       |     1 |     4 |       |     2 ||     7
       Evoke Flight      |       |       |       |       |       |       |       |     2 |       ||     2
Evoke: Wand              |       |       |       |    12 |    43 |    25 |    23 |    11 |     9 ||   123
       Box of beasts     |       |       |       |       |       |     2 |       |       |     1 ||     3
       Phantom mirror    |       |       |       |       |       |     1 |       |       |     1 ||     2
       Lamp of fire      |       |       |       |       |       |       |     1 |       |       ||     1
  Use: Scroll            |       |     8 |    16 |    13 |     6 |    13 |    21 |    12 |    14 ||   103
       Potion            |       |     4 |     1 |     1 |     1 |     1 |     9 |     5 |    14 ||    36
 Stab: Sleeping          |     1 |       |       |       |     1 |     2 |     4 |     3 |     2 ||    13
       Distracted        |       |     1 |     2 |     1 |     6 |    17 |    17 |    43 |    17 ||   104
       Invisible         |       |       |     1 |     2 |     6 |    24 |    11 |    11 |     7 ||    62
       Paralysed         |       |       |       |       |    10 |    21 |     5 |     8 |    16 ||    60
       Confused          |       |       |       |       |     2 |       |       |       |     1 ||     3
       Held in net/web   |       |       |       |       |       |       |       |     2 |     3 ||     5
  Eat: Chunk             |     1 |     5 |     4 |    17 |    18 |    19 |    30 |    24 |     2 ||   120
       Ration            |       |       |     3 |     1 |     3 |     5 |     4 |     5 |    14 ||    35
Armor: Leather armour    |     5 |       |       |       |       |       |       |       |       ||     5
       Scale mail        |    21 |       |       |     3 |       |       |       |       |       ||    24
       Chain mail        |     1 |       |       |       |       |    61 |   156 |       |       ||   218
       Ring mail         |    13 |    53 |    69 |    34 |    14 |   373 |   258 |   411 |   419 ||  1644
       Skin              |       |       |     9 |       |       |       |       |       |       ||     9
       Troll leather arm |       |       |       |   153 |   265 |       |       |       |       ||   418
Dodge: Dodged            |    46 |   127 |   107 |   303 |   526 |   570 |   539 |   884 |   635 ||  3737

Action                   |  1- 3 |  4- 6 |  7- 9 | 10-12 | 13-15 | 16-18 | 19-21 | 22-24 | 25-27 || total
-------------------------+-------+-------+-------+-------+-------+-------+-------+-------+-------++-------
Melee: Spear             |   126 |   170 |       |       |       |       |       |       |       ||   296
       Bite              |    18 |    50 |    72 |   208 |   379 |   404 |   440 |   829 |   660 ||  3060
       Trident           |       |    38 |   188 |       |       |       |       |       |       ||   226
       Demon trident     |       |       |   119 |   756 |  1317 |  1761 |  1699 |  2188 |  1622 ||  9462
       Morningstar       |       |       |       |       |       |       |       |       |     8 ||     8
Throw: Javelin           |       |       |       |       |       |     5 |     7 |       |     8 ||    20
       Throwing net      |       |       |       |       |       |       |       |     1 |     4 ||     5
 Cast: Spectral Weapon   |       |       |       |       |    44 |    58 |    38 |     2 |     1 ||   143
       Regeneration      |       |       |       |       |     1 |     8 |    12 |    20 |    18 ||    59
       Animate Skeleton  |       |       |       |       |       |       |    20 |    43 |     9 ||    72
       Animate Dead      |       |       |       |       |       |       |    19 |    46 |    23 ||    88
       Summon Lightning  |       |       |       |       |       |       |     9 |    33 |    10 ||    52
       Summon Mana Viper |       |       |       |       |       |       |       |     7 |     8 ||    15
       Dispel Undead     |       |       |       |       |       |       |       |       |    28 ||    28
Invok: Sacrifice a Hand  |       |       |     1 |       |       |       |       |       |       ||     1
       Sacrifice Purity  |       |       |       |     1 |     1 |       |       |       |       ||     2
       Sacrifice Arcana  |       |       |       |     1 |       |       |       |       |       ||     1
       Reject Sacrifices |       |       |       |     1 |       |       |       |       |       ||     1
       Apocalypse        |       |       |       |       |     1 |     1 |     1 |     1 |     1 ||     5
       Sacrifice Skill   |       |       |       |       |     1 |       |       |       |       ||     1
 Abil: Evoke Berserk Rag |       |       |       |       |       |     1 |       |       |       ||     1
       Evoke Fog         |       |       |       |       |       |     1 |     4 |       |     2 ||     7
       Evoke Flight      |       |       |       |       |       |       |       |     2 |       ||     2
Evoke: Wand              |       |       |       |    12 |    43 |    25 |    23 |    11 |     9 ||   123
       Box of beasts     |       |       |       |       |       |     2 |       |       |     1 ||     3
       Phantom mirror    |       |       |       |       |       |     1 |       |       |     1 ||     2
       Lamp of fire      |       |       |       |       |       |       |     1 |       |       ||     1
  Use: Scroll            |       |     8 |    16 |    13 |     6 |    13 |    21 |    12 |    14 ||   103
       Potion            |       |     4 |     1 |     1 |     1 |     1 |     9 |     5 |    14 ||    36
 Stab: Sleeping          |     1 |       |       |       |     1 |     2 |     4 |     3 |     2 ||    13
       Distracted        |       |     1 |     2 |     1 |     6 |    17 |    17 |    43 |    17 ||   104
       Invisible         |       |       |     1 |     2 |     6 |    24 |    11 |    11 |     7 ||    62
       Paralysed         |       |       |       |       |    10 |    21 |     5 |     8 |    16 ||    60
       Confused          |       |       |       |       |     2 |       |       |       |     1 ||     3
       Held in net/web   |       |       |       |       |       |       |       |     2 |     3 ||     5
  Eat: Chunk             |     1 |     5 |     4 |    17 |    18 |    19 |    30 |    24 |     2 ||   120
       Ration            |       |       |     3 |     1 |     3 |     5 |     4 |     5 |    14 ||    35
Armor: Leather armour    |     5 |       |       |       |       |       |       |       |       ||     5
       Scale mail        |    21 |       |       |     3 |       |       |       |       |       ||    24
       Chain mail        |     1 |       |       |       |       |    61 |   156 |       |       ||   218
       Ring mail         |    13 |    53 |    69 |    34 |    14 |   373 |   258 |   411 |   419 ||  1644
       Skin              |       |       |     9 |       |       |       |       |       |       ||     9
       Troll leather arm |       |       |       |   153 |   265 |       |       |       |       ||   418
Dodge: Dodged            |    46 |   127 |   107 |   303 |   526 |   570 |   539 |   884 |   635 ||  3737
